 Dungeon Crawl Stone Soup version 0.22-a0-515-g75794bf (webtiles) character file.

12090 Amnesiac the Summoner (level 11, -5/54 HPs)
             Began as a Spriggan Summoner on June 19, 2018.
             Was a High Priest of Okawaru.
             Slain by an ogre
             ... wielding a +0 giant club
              (22 damage)
             ... on level 12 of the Dungeon.
             The game lasted 00:35:30 (14788 turns).

Amnesiac the Summoner (Spriggan Summoner)          Turns: 14788, Time: 00:35:30

Health: -5/54      AC:  9    Str:  4    XL:     11   Next: 57%
Magic:  16/24      EV: 22    Int: 21    God:    Okawaru [*****.]
Gold:   505        SH:  8    Dex: 19    Spells: 11/26 levels left

rFire    . . .     SeeInvis +   a - +2 dagger (elec)
rCold    . . .     Gourm    .   N - +0 buckler
rNeg     . . .     Faith    +   P - +0 robe {Archmagi}
rPois    .         Spirit   .   D - +2 hat {Int+3}
rElec    .         Reflect  .   v - +2 cloak
rCorr    .         Harm     .   (gloves unavailable)
MR       +....                  (boots unavailable)
Stlth    +++++.....             K - amulet of faith
HPRegen  0.18/turn              F - ring of stealth
MPRegen  0.19/turn              L - +2 ring of protection

@: very quick
A: very small, unfitting armour, see invisible, herbivore, speed 3, slow
metabolism 2
a: Heroism, Finesse, Renounce Religion


You were on level 12 of the Dungeon.
You worshipped Okawaru.
Okawaru was extremely pleased with you.
You were not hungry.

You visited 1 branch of the dungeon, and saw 12 of its levels.
You also visited: Sewer.

You collected 661 gold pieces.
You spent 156 gold pieces at shops.

Inventory:

Hand Weapons
 a - a +2 dagger of electrocution (weapon)
Missiles
 I - 5 needles of sleeping
Armour
 b - the +0 buckler of Going Fast {rElec MR+ Int-5}
   (Okawaru gifted it to you on level 9 of the Dungeon)

   It affects your intelligence (-5).
   It insulates you from electricity.
   It affects your resistance to hostile enchantments.
 v - a +2 cloak (worn)
 D - a +2 hat of intelligence (worn)
 M - the +1 robe of Dogmatism {+Inv +Fly rCorr SInv}
   (Okawaru gifted it to you on level 12 of the Dungeon)

   It lets you see invisible.
   It lets you turn invisible.
   It lets you fly.
   It protects you from acid and corrosion.
 N - a +0 buckler (worn)
 P - a +0 robe of the Archmagi (worn)
Magical Staves
 O - an uncursed staff of fire
Jewellery
 F - a ring of stealth (left hand)
 K - an amulet of faith (around neck)
 L - a +2 ring of protection (right hand)
Wands
 e - a wand of scattershot (3)
 x - a wand of paralysis (18)
 y - a wand of digging (34)
 A - a wand of iceblast (7)
 B - a wand of random effects (80)
 C - a wand of polymorph (9)
 E - a wand of enslavement (10)
Scrolls
 d - a scroll of amnesia {!r}
 j - a scroll of immolation {!r}
 m - 4 scrolls of enchant armour {!r}
 n - 2 scrolls of fog {!r}
 p - 6 scrolls of remove curse {!r}
 q - a scroll of magic mapping {!r}
 r - 4 scrolls of teleportation {!r}
 t - a scroll of blinking {!r}
 u - 3 scrolls of fear {!r}
 H - a scroll of summoning {!r}
 J - 3 scrolls of enchant weapon {!r}
Potions
 f - 3 potions of heal wounds {!q}
 g - a potion of agility {!q}
 h - 2 potions of haste {!q}
 i - 7 potions of curing {!q}
 k - 6 potions of flight {!q}
 l - a potion of invisibility {!q}
 s - 2 potions of magic {!q}
 w - 2 potions of cancellation {!q}
 z - a potion of ambrosia {!q}
 G - a potion of brilliance {!q}
Miscellaneous
 o - a phial of floods
Comestibles
 c - 9 rations


   Skills:
 * Level 4.8 Fighting
 - Level 8.0 Short Blades
 + Level 6.0 Dodging
 - Level 8.0 Stealth
 - Level 7.5 Shields
 + Level 8.4 Spellcasting
 * Level 8.4 Summonings


You had 11 spell levels left.
You knew the following spells:

 Your Spells              Type           Power        Failure   Level  Hunger
a - Summon Ice Beast      Ice/Summ       #####...     14%         4    ###....
c - Summon Lightning Spi  Summ/Air       #####...     14%         4    ###....
d - Apportation           Tloc           ##....       8%          1    None
e - Call Imp              Summ           ######..     1%          2    None
r - Regeneration          Chrm/Necr      ##........   22%         3    None
z - Confusing Touch       Hex            ##....       8%          1    None

Your spell library contained the following spells:

 Spells                   Type           Power        Failure   Level  Hunger
 Confuse                  Hex            ##......     22%         3    None
 Summon Small Mammal      Summ           ####         1%          1    None
 Animate Dead             Necr           N/A          58%         4    ###....
 Pain                     Necr           ##..         8%          1    None
 Animate Skeleton         Necr           N/A          8%          1    None
 Vampiric Draining        Necr           ##........   22%         3    None
 Call Canine Familiar     Summ           ######..     1%          3    None
 Metabolic Englaciation   Hex/Ice        ##........   91%         5    #####..
 Petrify                  Tmut/Erth      ##......     58%         4    ###....
 Summon Guardian Golem    Hex/Summ       #####...     4%          3    None
 Gell's Gravitas          Tloc           ##........   22%         3    None
 Yara's Violent Unravell  Hex/Tmut       ##........   91%         5    #####..


Dungeon Overview and Level Annotations

Branches:
Dungeon (12/15)            Temple (0/1) D:5            Lair (0/6) D:11
    Orc (0/2) D:11

Altars:
Ashenzari
Kikubaaqudgha
Makhleb
Nemelex Xobeh
Okawaru
Qazlal
Sif Muna
Trog
Wu Jian

Shops:
D:5 *:%?[   D:6 ?   D:9 !


Innate Abilities, Weirdness & Mutations

You are very small and have problems with some larger weapons.
You are too small for most types of armour.
You have supernaturally acute eyesight. (SInv)
You are a herbivore.
You cover ground extremely quickly.
You need to consume almost no food.


Message History

The blast of flame hits the hell hound.
The hell hound completely resists.
A blast of flame appears from out of your range of vision.
The blast of flame hits your lightning spire.
Your lightning spire resists.
The yak gores your ice beast.
The hell hound bites your lightning spire.
Your ice beast freezes the yak!
What are your orders? t - Shout!
Orders for allies: a - Attack new target. r - Retreat! s - Stop attacking. g - Guard the area. f - Follow me.
Anything else - Cancel.
Gang up on whom?
Press: ? - help, Dir - move target cursor, f - hell hound
Aim: a hell hound (severely wounded) Attack!
The hell hound bites your lightning spire but does no damage.
The yak gores your ice beast!
Your ice beast freezes the yak!
The hell hound bites your lightning spire!
Your lightning spire shoots out a bolt of lightning at the hell hound!
The bolt of electricity misses the hell hound.
The yak barely misses your ice beast.
The hell hound barely misses your lightning spire.
The hell hound bites your lightning spire!
Your lightning spire is destroyed!
The yak barely misses your ice beast.
Your ice beast freezes the yak!
The yak dies!
Okawaru accepts your kill.
Your ice beast freezes the hell hound!!
The hell hound is frozen!
The hell hound dies!
Okawaru accepts your kill.
You start resting.
The hell hound is too close now for your liking.
You swap places.
You start resting.
The hell hound is too close now for your liking.
The hell hound closely misses your ice beast.
The hell hound breathes flames at your ice beast.
The blast of flame hits your ice beast.
Your ice beast melts!
The hell hound bites your ice beast!
Your ice beast dies!
Casting: Summon Ice Beast (safe; 14% risk of failure)
Confirm with . or Enter, or press ? or * to list all spells.
You feel a surge of power! A chill wind blows around you.
The hell hound barks!
An ogre comes into view. It is wielding a giant club.
The hell hound closely misses you.
You hit the hell hound but do no damage.
The hell hound is almost dead.
The hell hound breathes flames at you. The blast of flame misses you.
You closely miss the hell hound.
The hell hound is almost dead.
Your ice beast freezes the hell hound!!
The hell hound is frozen!
The hell hound dies!
Okawaru accepts your kill.
Your Dodging skill increases to level 6!
Your ice beast freezes the ogre!
The ogre closely misses your ice beast.
You hit the ogre.
The ogre is severely wounded.
The ogre hits you with a giant club!!
You die...

..# #......# #.#
#......#
###.###......#
#......§.....#
##.)####.....#
#..#...#.####.
#....#.#......
##.#..<..#######
#.#.###@.......
#.#.†..YO..####
#.########.# #.#
# #.# #.# #.#
#.# #.#


You could see an ogre and a friendly ice beast.

Vanquished Creatures
  2 hydras (D:11)
  2 two-headed ogres (D:11)
  An unseen horror (D:10)
  The ghost of iamserjio the Carver, a novice OpSk of Gozag (D:7)
  Pikel (D:4)
  A troll (D:9)
  2 hippogriffs
  A vampire (D:11)
  Grum (D:8)
  9 yaks
  A wyvern (D:11)
  Eustachio (D:4)
  A water moccasin (D:9)
  A slave (D:4)
  Purgy (Sewer)
  An ice beast (D:6)
  3 orc warriors
  A swamp drake (D:11)
  2 necrophages
  2 sky beasts
  2 black bears
  2 ogres
  2 phantoms (D:8)
  4 wolves (D:8)
  An eye of draining (D:9)
  3 centaurs
  2 big kobolds
  5 bullfrogs
  5 killer bees
  A water moccasin skeleton (D:7)
  11 wights
  3 howler monkeys (D:7)
  3 crimson imps
  2 bullfrog zombies
  A jelly (D:9)
  A quasit (D:6)
  A centaur skeleton (D:9)
  2 bullfrog skeletons
  7 orc priests
  7 hounds
  10 orc wizards
  Crazy Yiuf (D:7)
  2 worker ants
  Ijyb (D:4)
  2 hound zombies
  A spectral worker ant (D:7)
  2 howler monkey zombies
  2 worker ant zombies
  10 adders
  A howler monkey skeleton (D:9)
  A river rat (D:3)
  2 shadow imps (D:10)
  A worker ant simulacrum (D:7)
  3 oozes
  An adder zombie (D:9)
  3 adder skeletons
  6 worms
  A dart slug (D:1)
  2 leopard geckos
  20 orcs
  A giant cockroach (D:2)
  3 goblins
  4 hobgoblins
  8 jackals (D:3)
  7 quokkas
  4 ball pythons
  7 bats
  8 frilled lizards
  14 kobolds
  A leopard gecko skeleton (D:5)
  A quokka skeleton (D:7)
  8 rats
238 creatures vanquished.

Vanquished Creatures (collateral kills)
  2 gargoyles
  A komodo dragon (D:11)
  A wraith (D:12)
  2 yaks
  3 hell hounds (D:12)
  3 orc warriors
  A black bear (D:9)
  A sky beast (D:10)
  2 ogres (D:7)
  A centaur (D:6)
  5 killer bees (D:10)
  4 wights (D:11)
  An orc wizard (D:10)
  5 orc priests
  3 adders (D:3)
  2 worms (D:3)
  A dart slug (D:1)
  11 orcs
  A bat (D:1)
  2 hobgoblins (D:1)
  2 kobolds
  2 rats (D:3)
56 creatures vanquished.

Vanquished Creatures (others)
  A scorpion (D:4)
  A kobold (D:12)
  A plant (D:11)
3 creatures vanquished.

Grand Total: 297 creatures vanquished

Notes
Turn   | Place    | Note
-------+----------+-------------------------------------------
     0 | D:1      | Amnesiac the Spriggan Summoner began the quest for the Orb.
     0 | D:1      | Reached XP level 1. HP: 9/9 MP: 5/5
   360 | D:1      | Reached XP level 2. HP: 12/13 MP: 3/7
   715 | D:1      | Learned a level 2 spell: Call Imp
  1175 | D:1      | Reached skill level 1 in Short Blades
  1325 | D:2      | Reached XP level 3. HP: 16/16 MP: 9/9
  1336 | D:2      | Found an iron altar of Okawaru.
  1343 | D:2      | Became a worshipper of Warmaster Okawaru
  1691 | D:2      | Found a sparkling altar of Nemelex Xobeh.
  1967 | D:2      | Found a deep blue altar of Sif Muna.
  2246 | D:3      | Reached XP level 4. HP: 18/21 MP: 5/10
  2252 | D:3      | Learned a level 4 spell: Summon Lightning Spire
  2391 | D:3      | Found a glowing drain.
  2568 | Sewer    | Entered a sewer
  2595 | Sewer    | Noticed Purgy
  2608 | Sewer    | Killed Purgy
  2608 | Sewer    | Reached XP level 5. HP: 8/24 MP: 3/11
  3344 | D:3      | Reached * piety under Okawaru
  3725 | D:3      | Reached skill level 5 in Short Blades
  3958 | D:3      | Reached skill level 5 in Stealth
  3961 | D:3      | Learned a level 1 spell: Confusing Touch
  3963 | D:3      | Learned a level 1 spell: Apportation
  4201 | D:4      | Noticed Eustachio
  4242 | D:4      | Killed Eustachio
  4242 | D:4      | Reached XP level 6. HP: 18/28 MP: 12/12
  4366 | D:4      | Noticed Pikel
  4366 | D:4      | Noticed a slave
  4366 | D:4      | Noticed a slave
  4366 | D:4      | Noticed a slave
  4366 | D:4      | Noticed a slave
  4402 | D:4      | Killed a slave
  4412 | D:4      | Killed Pikel
  4412 | D:4      | Reached ** piety under Okawaru
  4412 | D:4      | Reached XP level 7. HP: 24/32 MP: 13/13
  4846 | D:4      | Noticed Ijyb
  4853 | D:4      | Killed Ijyb
  4950 | D:5      | Entered Level 5 of the Dungeon
  5028 | D:5      | Found Etsit's Armour Boutique.
  5033 | D:5      | Bought a +0 buckler for 54 gold pieces
  5256 | D:5      | Found Xohagud's Magic Scroll Shoppe.
  5274 | D:5      | Bought a scroll of teleportation for 42 gold pieces
  5274 | D:5      | Bought a scroll of fog for 28 gold pieces
  5277 | D:5      | Found Jiefuaw's Food Shoppe.
  5374 | D:5      | Reached XP level 8. HP: 36/36 MP: 14/14
  5399 | D:5      | Found Diphibb's Book Shoppe.
  5408 | D:5      | Found Ucselic's Assorted Antiques.
  5414 | D:5      | Reached skill level 1 in Shields
  5418 | D:5      | Bought a scroll labeled NEQOUPNYDE for 16 gold pieces
  5418 | D:5      | Bought a scroll labeled LAT MOTEMIN for 16 gold pieces
  5601 | D:5      | Found a staircase to the Ecumenical Temple.
  5896 | D:6      | Reached *** piety under Okawaru
  6112 | D:6      | Found Raetey's Magic Scroll Shop.
  6507 | D:6      | Reached skill level 5 in Shields
  6672 | D:7      | Reached XP level 9. HP: 12/39 MP: 10/15
  6705 | D:7      | Found a sand-covered staircase.
  7529 | D:7      | Reached **** piety under Okawaru
  7566 | D:7      | Found a burning altar of Makhleb.
  7596 | D:7      | Found a stormy altar of Qazlal.
  7598 | D:7      | Found a bloodstained altar of Trog.
  7601 | D:7      | Found a shattered altar of Ashenzari.
  7602 | D:7      | Found an ancient bone altar of Kikubaaqudgha.
  7622 | D:7      | Found a runed gate.
  7622 | D:7      | Found a runed gate.
  7624 | D:7      | Found a runed gate.
  7650 | D:7      | Noticed iamserjio's ghost (novice OpSk)
  7779 | D:7      | Found a runed door.
  7903 | D:7      | Killed iamserjio's ghost
  8012 | D:7      | Noticed Crazy Yiuf
  8044 | D:7      | Killed Crazy Yiuf
  8675 | D:8      | Noticed Grum
  8681 | D:8      | Received a gift from Okawaru
  8761 | D:8      | Killed Grum
  8763 | D:8      | Reached XP level 10. HP: 36/46 MP: 9/17
  9286 | D:9      | Reached skill level 5 in Spellcasting
  9286 | D:9      | Reached skill level 5 in Summonings
  9389 | D:9      | Reached ***** piety under Okawaru
  9631 | D:9      | Found an ornate altar of the Wu Jian Council.
  9829 | D:9      | Learned a level 4 spell: Summon Ice Beast
 10045 | D:9      | Received a gift from Okawaru
 10046 | D:9      | Got a shimmering buckler {god gift}
 10057 | D:9      | Identified the +0 buckler of Going Fast {rElec MR+ Int-5} (Okawaru gifted it to you on level 9 of the Dungeon)
 10497 | D:9      | Found Wanoovat's Distillery.
 10716 | D:9      | Learned a level 3 spell: Regeneration
 10717 | D:10     | Entered Level 10 of the Dungeon
 10969 | D:10     | Noticed a gargoyle
 11073 | D:10     | Killed a gargoyle
 11962 | D:10     | Noticed an unseen horror
 11967 | D:10     | Killed an unseen horror
 11967 | D:10     | Reached XP level 11. HP: 52/52 MP: 21/23
 12232 | D:11     | Noticed a two-headed ogre
 12239 | D:11     | Killed a two-headed ogre
 12239 | D:11     | Received a gift from Okawaru
 12557 | D:11     | Noticed an eight-headed hydra
 12825 | D:11     | Killed an eight-headed hydra
 12831 | D:11     | Noticed a two-headed ogre
 12902 | D:11     | Killed a two-headed ogre
 12902 | D:11     | Reached skill level 5 in Dodging
 13390 | D:11     | Noticed a six-headed hydra
 13401 | D:11     | Killed a six-headed hydra
 13409 | D:11     | Found a staircase to the Orcish Mines.
 13919 | D:11     | Found a staircase to the Lair.
 14600 | D:12     | Received a gift from Okawaru
 14601 | D:12     | Got a distressingly furry robe {god gift}
 14632 | D:11     | Identified the +1 robe of Dogmatism {+Inv +Fly rCorr SInv} (Okawaru gifted it to you on level 12 of the Dungeon)
 14788 | D:12     | Slain by an ogre

Vault maps used:
D:1:      matt_arrival_grand_opening, hangedman_decor_push
D:2:      overflow_temple_1_default, lemuel_blue_sif_altar,
          okawaru_metal_pillars_1_2, first_ration
D:3:      lightli_sewer_entry_pipes
D:4:      uniq_eustachio, uniq_pikel, uniq_ijyb
D:5:      minmay_temple_entry_enclosed_plants, serial_shops, shop,
          kennysheep_little_box, nicolae_shop_statue_plus, shop, shop
D:6:      serial_shops, shop
D:7:      minitemple, gammafunk_ghost_necromancy,
          lightli_ossuary_entry_decrepit_ruins, uniq_crazy_yiuf_cottage
D:8:      uniq_grum
D:9:      lemuel_coloured_pillars_altar, serial_shops, shop
D:11:     david_lair_shrubbed, erik_orc_1
D:12:     hangedman_little_slice_of_home, uniq_azrael
Sewer:    sewer_co_purgy_island

Skill      XL: |  1  2  3  4  5  6  7  8  9 10 11 |
---------------+----------------------------------+-----
Spellcasting   | 3 4 7 8 |  8.4
Short Blades   | 1 3 4 5 7 8 |  8.0
Stealth        | 4 5 7 8 |  8.0
Shields        | 5 7 |  7.5
Fighting       | 2 3 4 |  4.8
Summonings     | 4 7 8 |  8.4
Dodging        | 4 6 |  6.0

Action                   |  1- 3 |  4- 6 |  7- 9 | 10-12 || total
-------------------------+-------+-------+-------+-------++-------
Melee: Unarmed           |    36 |       |       |       ||    36
       Dagger            |   110 |   212 |   348 |   564 ||  1234
 Cast: Summon Small Mamm |    12 |     5 |     1 |       ||    18
       Call Imp          |     7 |    13 |    35 |    13 ||    68
       Summon Ice Beast  |       |       |       |    33 ||    33
       Summon Lightning  |       |       |       |    23 ||    23
Evoke: Wand              |       |     2 |     9 |     6 ||    17
  Use: Potion            |     1 |     2 |       |     1 ||     4
       Scroll            |       |     1 |     8 |    12 ||    21
 Stab: Sleeping          |    12 |    12 |    13 |    13 ||    50
       Distracted        |     1 |       |       |     8 ||     9
       Paralysed         |       |     1 |     2 |     1 ||     4
  Eat: Ration            |       |     2 |     2 |     9 ||    13
Armor: Robe              |    12 |    16 |    24 |    36 ||    88
Dodge: Dodged            |    90 |   140 |   121 |   219 ||   570
Block: Buckler           |       |       |    65 |   148 ||   213

Table legend:
 A = Spawn XP
 B = Non-spawn XP
 C = Spawn XP percentage of total XP
 D = Spawn monster count
 E = Non-spawn monster count
 F = Spawn count percentage of total count
 G = Total turns spent on level
                    A         B        C        D         E        F      G
               +---------+---------+-------+---------+---------+-------+---------
         Total |       0 |   17272 |   0.0 |       0 |     293 |   0.0 | 14788
               +---------+---------+-------+---------+---------+-------+---------
           D:1 |       0 |      40 |   0.0 |       0 |      22 |   0.0 |  1315
           D:2 |       0 |      28 |   0.0 |       0 |       9 |   0.0 |   682
           D:3 |       0 |     177 |   0.0 |       0 |      45 |   0.0 |  1667
           D:4 |       0 |     916 |   0.0 |       0 |       7 |   0.0 |   912
           D:5 |       0 |     412 |   0.0 |       0 |      10 |   0.0 |   721
           D:6 |       0 |     834 |   0.0 |       0 |      15 |   0.0 |   900
           D:7 |       0 |    1865 |   0.0 |       0 |      32 |   0.0 |  1582
           D:8 |       0 |    1346 |   0.0 |       0 |      16 |   0.0 |   931
           D:9 |       0 |    2672 |   0.0 |       0 |      41 |   0.0 |  1633
          D:10 |       0 |    2690 |   0.0 |       0 |      27 |   0.0 |  1341
          D:11 |       0 |    4839 |   0.0 |       0 |      42 |   0.0 |  2333
          D:12 |       0 |    1324 |   0.0 |       0 |      18 |   0.0 |   397
         Sewer |       0 |     129 |   0.0 |       0 |       9 |   0.0 |   374
               +---------+---------+-------+---------+---------+-------+---------
